 Dungeon Crawl Stone Soup version 0.31-a0-1059-g83d41fd8b6 (webtiles) character file.

Game seed: 4491388240730023526

597 kae the Vexing (level 7, -1/51 HPs)
             Began as a Demonspawn Enchanter on Nov 21, 2023.
             Slain by an orc warrior
             ... wielding a +0 mace
              (10 damage)
             ... on level 4 of the Dungeon.
             The game lasted 00:05:49 (4461 turns).

kae the Vexing (Demonspawn Enchanter)               Turns: 4461, Time: 00:05:49

Health: -1/51      AC:  3    Str: 11    XL:     7   Next: 17%
Magic:  1/11       EV: 12    Int: 16    God:
Gold:   939        SH:  0    Dex: 13    Spells: 4/12 levels left

rFire   . . .        a - +2 dagger
rCold   . . .        (no shield)
rNeg    . . .        b - +1 robe
rPois   .            (no helmet)
rElec   .            (no cloak)
rCorr   .            (no gloves)
SInv    .            (no boots)
Will    .....        (no amulet)
Stlth   ++           (no ring)
HPRegen 0.28/turn    (no ring)
MPRegen 0.24/turn

%: no passive effects
@: no status effects
A: hooves 1, powered by pain 1, magic regeneration
a: no special abilities


You were on level 4 of the Dungeon.
You visited 1 branch of the dungeon, and saw 4 of its levels.
You also visited: Sewer.

You collected 939 gold pieces.


Innate Abilities, Weirdness & Mutations

You have large cloven feet.
You sometimes gain a little power by taking damage.
You regenerate magic rapidly.


   Skills:
 + Level 2.5 Fighting
 * Level 3.4 Short Blades
 + Level 3.0 Dodging
 + Level 3.6 Stealth
 + Level 3.1 Spellcasting
 * Level 4.9 Hexes


You had 4 spell levels left.
You knew the following spells:

 Your Spells              Type           Power      Damage    Failure   Level
a - Ensorcelled Hibernat  Hex/Ice        20%        N/A       11%         2
b - Confusing Touch       Hex            18%        N/A       8%          3
c - Tukima's Dance        Hex            18%        N/A       8%          3

Your spell library contained the following spells:

 Spells                   Type           Power      Damage    Failure   Level
 Dazzling Flash           Conj/Hex       20%        N/A       21%         3
 Lesser Beckoning         Tloc           4%         N/A       28%         2
 Sublimation of Blood     Necr           2%         N/A       28%         2
 Gell's Gravitas          Tloc           2%         N/A       50%         3
 Teleport Other           Tloc           2%         N/A       50%         3
 Petrify                  Tmut/Erth      2%         N/A       88%         4
 Vhi's Electric Charge    Tloc/Air       4%         N/A       88%         4
 Arcjolt                  Conj/Air       1%         1d11      99%         5
 Irradiate                Conj/Tmut      1%         3d12      99%         5
 Plasma Beam              Fire/Air       1%         2x1d11    100%        6

Inventory:

Hand Weapons
 a - a +2 dagger (weapon)
Missiles
 e - 25 stones
 f - 15 poisoned darts
 j - 6 boomerangs
Armour
 b - a +1 robe (worn)
Wands
 i - a wand of quicksilver (7)
   (You found it on level 2 of the Dungeon)
Scrolls
 d - a scroll of butterflies
 n - a scroll of enchant armour
 o - 3 scrolls of poison {unknown}
 q - a scroll of teleportation {unknown}
 r - 3 scrolls of vulnerability {unknown}
Potions
 c - 2 potions of invisibility
 g - 2 potions of brilliance {unknown}
 h - 2 potions of lignification {!q}
 k - a potion of heal wounds {unknown}
 l - a potion of enlightenment
 m - 2 potions of mutation {!q}
 p - a potion of might

Dungeon Overview and Level Annotations

Branches:
Dungeon (4/15) Zot: 20461   Sewer (visited)
 Temple: D:4-7

Altars:
Yredelemnul

Shops:
D:2 [[[(

Annotations:
D:2 Sigmund

#......# #.....#
#.... #.....)#
#.....# #....
#......# #.....#
#.... #......#
#.....# ###..
#......# #.....# #..
#......####.....# #..
####......#.#########
#..
######.#.........#
#.. #@#########.# #..
#o# #.# #.. #)# #.#
#.. #)# #.####.. #.#
#....... #.o ######.#
### #.# #.# #.#


You could see an orc warrior and an orc priest.


Message History

Casting: Ensorcelled Hibernation (safe; 11% risk of failure)
Confirm with . or Enter, or press ? or * to list all spells.
Aiming: Ensorcelled Hibernation (safe; 11% risk of failure)
Press: ? - help, Shift-Dir - straight line, f - orc warrior
Aim: an orc warrior, wielding a +0 mace and wearing a +0 plate armour (chance to affect: 44%)
You miscast Ensorcelled Hibernation.
You are very lightly contaminated with residual magic.
Nothing appears to happen.
The orc warrior hits you with a +0 mace. 😕 HP[-3] MP[-2]
You take 3 damage, and now have 44/51 hp.
You lost 2 mp, and now have 9/11 mp.
Casting: Ensorcelled Hibernation (safe; 11% risk of failure)
Confirm with . or Enter, or press ? or * to list all spells.
Aiming: Ensorcelled Hibernation (safe; 11% risk of failure)
Press: ? - help, Shift-Dir - straight line, f/p - orc warrior
Aim: an orc warrior, wielding a +0 mace and wearing a +0 plate armour (chance to affect: 44%)
The orc warrior resists with some effort.
The orc warrior hits you with a +0 mace. 😮 HP[-6] MP[-2]
You take 6 damage, and now have 38/51 hp.
You lost 2 mp, and now have 7/11 mp.
Unknown command.
Casting: Ensorcelled Hibernation (safe; 11% risk of failure)
Confirm with . or Enter, or press ? or * to list all spells.
Aiming: Ensorcelled Hibernation (safe; 11% risk of failure)
Press: ? - help, Shift-Dir - straight line, f/p - orc warrior
Aim: an orc warrior, wielding a +0 mace and wearing a +0 plate armour (chance to affect: 44%)
The orc warrior resists with some effort.
The orc warrior completely misses you. 😮 MP[-2]
You lost 2 mp, and now have 5/11 mp.
Unknown command.
Casting: Ensorcelled Hibernation (safe; 11% risk of failure)
Confirm with . or Enter, or press ? or * to list all spells.
Aiming: Ensorcelled Hibernation (safe; 11% risk of failure)
Press: ? - help, Shift-Dir - straight line, f/p - orc warrior
Aim: an orc warrior, wielding a +0 mace and wearing a +0 plate armour (chance to affect: 44%)
The orc warrior resists with some effort.
The orc warrior hits you with a +0 mace!
* * * LOW HITPOINT WARNING * * *
😨 HP[-15] MP[-1]
You take 15 damage, and now have 23/51 hp.
MASSIVE DAMAGE!! (PAUSE)
You lost 1 mp, and now have 4/11 mp.
Casting: Ensorcelled Hibernation (safe; 11% risk of failure)
Confirm with . or Enter, or press ? or * to list all spells.
Aiming: Ensorcelled Hibernation (safe; 11% risk of failure)
Press: ? - help, Shift-Dir - straight line, f/p - orc warrior
Aim: an orc warrior, wielding a +0 mace and wearing a +0 plate armour (chance to affect: 44%)
The orc warrior resists with some effort.
The orc warrior closely misses you. 😨 HP[+1] MP[-2]
You lost 2 mp, and now have 2/11 mp.
Unknown command.
Casting: Ensorcelled Hibernation (safe; 11% risk of failure)
Confirm with . or Enter, or press ? or * to list all spells.
Aiming: Ensorcelled Hibernation (safe; 11% risk of failure)
Press: ? - help, Shift-Dir - straight line, f/p - orc warrior
Aim: an orc warrior, wielding a +0 mace and wearing a +0 plate armour (chance to affect: 44%)
The orc warrior looks drowsy... 😨 MP[-2]
You lost 2 mp, and now have 0/11 mp.
Unknown command.
The helpless orc warrior fails to defend itself.
You impale the orc warrior!! You kick the orc warrior.
The orc warrior hits you but does no damage.
You completely miss the orc warrior. Your kick misses the orc warrior.
The orc warrior hits you with a +0 mace!
* * * LOW HITPOINT WARNING * * *
Your magical contamination has completely faded away. 😨 HP[-7]
You take 7 damage, and now have 17/51 hp.
Unknown command.
You completely miss the orc warrior.
The orc warrior barely misses you. 😨 HP[+1] MP[+1]
You hit the orc warrior but do no damage.
You kick the orc warrior, but do no damage.
The orc warrior hits you with a +0 mace!
* * * LOW HITPOINT WARNING * * *
An orc priest comes into view. It is wielding a +0 mace. 😱 HP[-9]
You take 9 damage, and now have 9/51 hp.
Unknown command.
The orc priest shouts!
You hit the orc warrior but do no damage.
You kick the orc warrior, but do no damage.
Unknown command.
Okay, then.
Aiming: Quicksilver Bolt
Press: ? - help, Shift-Dir - straight line, f - orc priest, p - orc warrior
Aim: an orc priest, wielding a +0 mace and wearing a +0 scale mail (75% to hit)
The bolt of dispelling energy misses the orc warrior.
The bolt of dispelling energy hits the orc!
You kill the orc!
The bolt of dispelling energy hits the orc!
You kill the orc!
The bolt of dispelling energy hits the orc priest.
The orc warrior hits you with a +0 mace!
You die...

Skill      XL: |  1  2  3  4  5  6 |
---------------+-------------------+-----
Short Blades   | 1 2 3 |  3.4
Dodging        | 2 3 |  3.0
Fighting       | 1 2 |  2.5
Stealth        | 3 |  3.6
Hexes          | 4 |  4.9
Spellcasting   | 3 |  3.1

Action                     |  1- 3 |  4- 6 |  7- 9 || total
---------------------------+-------+-------+-------++-------
  Melee: Dagger            |    89 |   201 |    18 ||   308
         Punch             |     1 |     2 |     2 ||     5
         Kick              |    12 |    50 |     8 ||    70
   Cast: Ensorcelled Hiber |     9 |    41 |    10 ||    60
  Evoke: Wand              |       |       |     1 ||     1
    Use: Scroll            |     2 |     9 |       ||    11
         Potion            |       |     3 |       ||     3
   Stab: Sleeping          |    10 |    33 |     2 ||    45
         Invisible         |       |     2 |       ||     2
 Armour: Robe              |    70 |   121 |    14 ||   205
  Dodge: Dodged            |    48 |   163 |    10 ||   221

Levels and vault maps discovered:
D:1:      dpeg_arrival_pits, layout_basic, ebering_ecumenical_altar_webs
D:2:      layout_basic, serial_shops, nicolae_shop_tiny_waterfront,
          nicolae_lakefront_shop, shop, shop, nicolae_diamond_shop, basic_altar,
          amcnicky_mini_corridor_feature, grunt_ministairs_5, uniq_sigmund
D:3:      layout_loops_corners, kennysheep_generic_room_16
D:4:      layout_basic, portal_sewer_entry_e

Notes
Turn   | Place    | Note
-------+----------+-------------------------------------------
     0 | D:1      | kae the Demonspawn Enchanter began the quest for the Orb.
     0 | D:1      | Reached XP level 1. HP: 13/13 MP: 3/3
     0 | D:1      | magus.rc [v1.11.3]
    12 | D:1      | You pick up a book of Lightning and begin reading...
    12 | D:1      | You add the spells Vhi's Electric Charge, Arcjolt and
                  | Plasma Beam to your library.
    81 | D:1      | Reached skill level 1 in Short Blades
   244 | D:1      | HP: 1/13 [gnoll/+0 whip (7)]
   248 | D:1      | Gained mutation: You sometimes gain a little power by
                  | taking damage. [demonic ancestry]
   248 | D:1      | Reached XP level 2. HP: 3/20 MP: 5/5
   251 | D:1      | Learned a level 2 spell: Ensorcelled Hibernation
   333 | D:1      | Found a faded altar of an unknown god.
   469 | D:1      | Reached skill level 2 in Dodging
   823 | D:2      | Gained mutation: You have large cloven feet. [demonic
                  | ancestry]
   823 | D:2      | Reached XP level 3. HP: 25/25 MP: 6/6
   827 | D:2      | Learned a level 3 spell: Confusing Touch
   899 | D:2      | Found Vaiqopse's Armour Boutique.
   904 | D:2      | Found a basalt altar of Yredelemnul.
  1002 | D:2      | Found Nifeuwad's Antique Weapon Boutique.
  1060 | D:2      | Reached skill level 1 in Fighting
  1071 | D:2      | Noticed Sigmund
  1106 | D:2      | Found Bif Ziuj's Antique Armour Shop.
  1251 | D:2      | Found Minil's Antique Armour Shop.
  1512 | D:3      | You pick up a book of Alchemy and begin reading...
  1512 | D:3      | You add the spells Sublimation of Blood, Petrify and
                  | Irradiate to your library.
  1775 | D:3      | Gained mutation: You regenerate magic rapidly. [demonic
                  | ancestry]
  1775 | D:3      | Reached XP level 4. HP: 30/32 MP: 7/7
  2108 | D:3      | Noticed a scorpion
  2118 | D:3      | Killed a scorpion
  2119 | D:3      | Reached skill level 2 in Short Blades
  2119 | D:3      | Reached skill level 3 in Stealth
  2216 | D:3      | Reached XP level 5. HP: 16/37 MP: 2/8
  2320 | D:3      | Learned a level 3 spell: Tukima's Dance
  2568 | D:4      | Reached skill level 4 in Hexes
  2589 | D:4      | Found a glowing drain.
  2594 | D:4      | HP: 9/37 [rat (1)]
  2615 | Sewer    | Entered a sewer
  2971 | Sewer    | magus.rc [v1.11.3]
  3152 | Sewer    | Reached XP level 6. HP: 37/44 MP: 6/10
  3352 | Sewer    | Identified a scroll of acquirement
  3352 | Sewer    | Acquired 737 gold pieces
  3363 | Sewer    | Reached skill level 2 in Fighting
  3379 | Sewer    | Reached skill level 3 in Short Blades
  3382 | Sewer    | HP: 11/44 [poisoned by an adder]
  3383 | Sewer    | HP: 5/44 [adder (2)]
  3389 | Sewer    | HP: 7/44 [adder (3)]
  3552 | D:4      | You pick up a book of Displacement and begin reading...
  3552 | D:4      | You add the spells Lesser Beckoning, Gell's Gravitas and
                  | Teleport Other to your library.
  3895 | D:4      | Reached skill level 3 in Dodging
  3895 | D:4      | Reached skill level 3 in Spellcasting
  3895 | D:4      | Reached XP level 7. HP: 35/51 MP: 8/11
  4459 | D:4      | HP: 9/51 [orc warrior/+0 mace (9)]
  4461 | D:4      | Slain by an orc warrior

Vanquished Creatures
  2 bullfrogs (Sewer)
  2 scorpions
  A jelly (D:4)
  A hound (D:4)
  An orc wizard (D:4)
  A gnoll (D:1)
  11 adders
  5 river rats
  3 worms
  3 dart slugs
  8 orcs
  16 ball pythons
  8 endoplasms
  3 giant cockroaches
  5 goblins
  6 hobgoblins
  2 quokkas (D:1)
  2 bats
  4 frilled lizards
  5 kobolds
  27 rats
116 creatures vanquished.

Table legend:
 A = Non-vault XP
 B = Vault XP
 C = Vault XP percentage of total XP
 D = Non-vault monster count
 E = Vault monster count
 F = Vault count percentage of total count
                 A         B        C        D         E       F
            +---------+---------+-------+---------+---------+-------
      Total |     447 |     412 |  48.0 |      57 |      59 |  50.9
            +---------+---------+-------+---------+---------+-------
        D:1 |      40 |       0 |   0.0 |      18 |       0 |   0.0
        D:2 |      32 |       4 |  11.1 |       9 |       2 |  18.2
        D:3 |     112 |      12 |   9.7 |       7 |       4 |  36.4
        D:4 |     263 |      37 |  12.3 |      23 |       8 |  25.8
      Sewer |       0 |     359 | 100.0 |       0 |      45 | 100.0
            +---------+---------+-------+---------+---------+-------

Skill      XL: |  1  2  3  4  5  6 |
---------------+-------------------+-----
Short Blades   | 1 2 3 |  3.4
Dodging        | 2 3 |  3.0
Fighting       | 1 2 |  2.5
Stealth        | 3 |  3.6
Hexes          | 4 |  4.9
Spellcasting   | 3 |  3.1

Action                     |  1- 3 |  4- 6 |  7- 9 || total
---------------------------+-------+-------+-------++-------
  Melee: Dagger            |    89 |   201 |    18 ||   308
         Punch             |     1 |     2 |     2 ||     5
         Kick              |    12 |    50 |     8 ||    70
   Cast: Ensorcelled Hiber |     9 |    41 |    10 ||    60
  Evoke: Wand              |       |       |     1 ||     1
    Use: Scroll            |     2 |     9 |       ||    11
         Potion            |       |     3 |       ||     3
   Stab: Sleeping          |    10 |    33 |     2 ||    45
         Invisible         |       |     2 |       ||     2
 Armour: Robe              |    70 |   121 |    14 ||   205
  Dodge: Dodged            |    48 |   163 |    10 ||   221

Illustrated notes

Table legend:
 A = Kills in this place as a percentage of kills in the entire game.
 B = Kills by you in this place as a percentage of kills by you in the entire game.
 C = Kills by friends in this place as a percentage of kills by friends in the entire game.
 D = Other kills in this place as a percentage of other kills in the entire game.
 E = Experience gained in this place as a percentage of experience gained in the entire game.
 F = Experience gained in this place divided by the number of levels of this place that you have seen.
                   A       B       C       D       E      F
               +-------+-------+-------+-------+-------+----------------------
         Total | 100.0 | 100.0 |   N/A |   N/A | 100.0 | 171.8
       Dungeon |  61.2 |  61.2 |   N/A |   N/A |  58.2 | 125.0
         Sewer |  38.8 |  38.8 |   N/A |   N/A |  41.8 | 359.0
               +-------+-------+-------+-------+-------+----------------------

Table legend: (Time is in decaauts)
 A = Elapsed time spent in this place.
 B = Non-inter-level travel time spent in this place.
 C = Inter-level travel time spent in this place.
 D = Time resting spent in this place.
 E = Time spent auto-exploring this place.
 F = Levels seen in this place.
 G = Mean time per level.
                   A        B        C        D        E       F      G
               +--------+--------+--------+--------+--------+-----+--------+
         Total |   4499 |   4444 |     55 |    168 |   3228 |   5 |  899.8 |
       Dungeon |   3537 |   3482 |     55 |     85 |   2697 |   4 |  884.2 |
         Sewer |    961 |    961 |      0 |     83 |    530 |   1 |  961.0 |
               +--------+--------+--------+--------+--------+-----+--------+

Top non-repeatable levels by time:
     D:4: 1191 daAuts
     D:3: 1105 daAuts
   Sewer: 961 daAuts
     D:1: 807 daAuts
     D:2: 433 daAuts
